 Dungeon Crawl Stone Soup version 0.18.1-5-g4a78601 (webtiles) character file.

2396 shmeve the Fighter (level 9, -4/81 HPs)
             Began as a Minotaur Fighter on May 15, 2016.
             Was a Priest of Okawaru.
             Killed by nerve-wracking pain
             ... invoked by an orc priest
              (8 damage)
             ... on level 7 of the Dungeon.
             The game lasted 00:11:18 (5679 turns).

shmeve the Fighter (Minotaur Fighter)               Turns: 5679, Time: 00:11:18

Health: -4/81      AC: 15    Str: 24    XL:     9   Next: 22%
Magic:  10/10      EV: 13    Int:  5    God:    Okawaru [***...]
Gold:   406        SH: 13    Dex: 10    Spells: 0 memorised, 8 levels left

rFire  . . .     SeeInvis .     a - +1 war axe
rCold  . . .     Gourm    .     s - +1 scale mail {rPois}
rNeg   . . .     Faith    .     c - +0 shield
rPois  +         Spirit   .     (helmet restricted)
rElec  .         Dismiss  .     t - +1 cloak
rCorr  .         Reflect  .     z - +0 pair of gloves (curse)
SustAt .         Harm     .     p - +0 pair of boots
MR     .....                    (no amulet)
Stlth  +.........               (no ring)
                                (no ring)

@: heroism, not resistant to hostile enchantments, very unstealthy
A: retaliatory headbutt, horns 2
a: Heroism, Renounce Religion


You were on level 7 of the Dungeon.
You worshipped Okawaru.
Okawaru was most pleased with you.
You were not hungry.

You visited 2 branches of the dungeon, and saw 8 of its levels.

You collected 406 gold pieces.

Inventory:

Hand Weapons
 a - a +1 war axe (weapon)
Armour
 c - a +0 shield (worn)
 p - a +0 pair of boots (worn)
 s - a +1 scale mail of poison resistance (worn)
 t - a +1 cloak (worn)
 z - a cursed +0 pair of gloves (worn)
Jewellery
 v - an uncursed amulet of harm {unknown}
Wands
 B - a wand of disintegration (1/24)
Scrolls
 e - 3 scrolls of teleportation
 j - a scroll of fear {unknown}
 l - 2 scrolls of remove curse
 m - a scroll of enchant armour
 r - a scroll of enchant weapon
 w - 3 scrolls of noise {unknown}
 y - a scroll of fog
 C - 2 scrolls of identify
Potions
 b - a potion of heal wounds
 d - 3 potions of might
 g - 3 potions of brilliance
 h - a potion of magic
 k - a potion of invisibility {unknown}
 n - a potion of cancellation
 o - a potion of curing
 u - a potion of lignification {unknown}
Comestibles
 f - 6 bread rations
 q - 2 meat rations
 x - 2 beef jerkies
 A - a slice of pizza


   Skills:
 * Level 8.1(13.1) Fighting
 * Level 7.0(12.0) Axes
 + Level 6.3(11.3) Armour
 + Level 4.4(9.4) Dodging
 * Level 8.0(13.0) Shields
 + Level 3.5 Invocations


You had 8 spell levels left.
You didn't know any spells.

Dungeon Overview and Level Annotations

Branches:
Dungeon (7/15)             Temple (1/1) D:5

Altars:
Ashenzari
Cheibriados
Okawaru
Pakellas
Sif Muna
Yredelemnul
The Shining One

Annotations:
D:7 Pikel


Innate Abilities, Weirdness & Mutations

You reflexively headbutt those who attack you in melee.
You have a pair of horns on your head.


Message History

Deactivating autopickup; reactivate with Ctrl-A.
The orc priest invokes the aid of Beogh against you.
Beogh smites you!
* * * LOW HITPOINT WARNING * * *
You slash the worker ant!
You kill the worker ant!
Okawaru accepts your kill.
Your base Shields skill increases to level 8!
You slice the orc!!
You kill the orc!
Okawaru accepts your kill.
You hear some strange, mumbled words.
A puff of flame appears from out of thin air!
The puff of flame hits the slave.
You slash the slave! You headbutt the slave!
You kill the slave!
That felt strangely unrewarding.
The orc priest mumbles some strange prayers to Beogh against you.
Pain shoots through your body!
You die...

.. ..... . ......
.. ##.....#### ...
..........# ....
..........# .....
..........###{o....
...........@[op....
#.........###p.#...
#.........# .#
#####.<.## # #...#
##...# #.....
#...... ####?....


You could see 2 slaves, an orc priest and an orc.

Vanquished Creatures
  An unseen horror (D:7)
  Sigmund (D:3)
  An orc warrior (D:7)
  A slave (D:7)
  2 ice beasts
  A black bear (D:6)
  A phantom (D:6)
  2 centaurs (D:5)
  A giant frog (D:6)
  A scorpion (D:6)
  A giant frog zombie (D:5)
  5 hounds
  2 giant frog skeletons
  4 orc priests
  Crazy Yiuf (D:3)
  3 orc wizards
  Ijyb (D:2)
  Natasha (twice) (D:3)
  An iguana (D:4)
  6 worker ants
  9 adders
  15 gnolls
  A howler monkey skeleton (D:6)
  2 adder skeletons
  3 worms
  2 dart slugs (D:1)
  4 giant geckos
  23 orcs
  A ball python (D:1)
  5 giant cockroaches
  9 goblins
  8 hobgoblins
  13 jackals
  6 kobolds
  3 quokkas (D:6)
  10 bats
  2 giant gecko skeletons
  9 giant newts
  5 rats
168 creatures vanquished.

Notes
Turn   | Place    | Note
--------------------------------------------------------------
     0 | D:1      | shmeve the Minotaur Fighter began the quest for the Orb.
     0 | D:1      | Reached XP level 1. HP: 19/19 MP: 0/0
   143 | D:1      | Reached XP level 2. HP: 23/27 MP: 1/1
   490 | D:1      | Reached XP level 3. HP: 30/33 MP: 2/2
  1159 | D:2      | Noticed Ijyb
  1171 | D:2      | Killed Ijyb
  1171 | D:2      | Reached XP level 4. HP: 41/41 MP: 3/3
  1195 | D:2      | Found an iron altar of Okawaru.
  1237 | D:2      | Became a worshipper of Warmaster Okawaru
  1535 | D:3      | Found a basalt altar of Yredelemnul.
  1537 | D:3      | Noticed a profane servitor
  1542 | D:3      | Found a glowing golden altar of the Shining One.
  1544 | D:3      | Noticed an angel
  1713 | D:3      | Noticed Sigmund
  1730 | D:3      | Killed Sigmund
  1730 | D:3      | Reached skill level 5 in Fighting
  1730 | D:3      | Reached skill level 1 in Dodging
  1730 | D:3      | Reached skill level 5 in Shields
  1730 | D:3      | Reached skill level 1 in Invocations
  1730 | D:3      | Reached XP level 5. HP: 21/48 MP: 4/4
  1730 | D:3      | Reached XP level 6. HP: 24/56 MP: 5/5
  1940 | D:3      | Noticed Natasha
  1944 | D:3      | Killed Natasha
  2220 | D:3      | Noticed Crazy Yiuf
  2232 | D:3      | Killed Crazy Yiuf
  2434 | D:3      | Noticed Natasha
  2443 | D:3      | Killed Natasha
  2484 | D:4      | Reached * piety under Okawaru
  2598 | D:4      | Noticed an ice beast
  2612 | D:4      | Killed an ice beast
  2612 | D:4      | Reached XP level 7. HP: 34/62 MP: 7/7
  3235 | D:4      | Reached skill level 5 in Axes
  3282 | D:4      | Found a deep blue altar of Sif Muna.
  3619 | D:4      | Reached skill level 5 in Armour
  3676 | D:5      | Entered Level 5 of the Dungeon
  3870 | D:5      | Reached ** piety under Okawaru
  3870 | D:5      | Reached XP level 8. HP: 45/71 MP: 8/8
  4001 | D:5      | Found an oddly glowing altar of Pakellas.
  4127 | D:5      | Found a staircase to the Ecumenical Temple.
  4242 | D:5      | Found a shattered altar of Ashenzari.
  4647 | Temple   | Entered the Ecumenical Temple
  5176 | D:6      | Found a snail-covered altar of Cheibriados.
  5648 | D:7      | Noticed Pikel
  5651 | D:7      | Reached XP level 9. HP: 77/80 MP: 10/10
  5668 | D:7      | Killed an unseen horror
  5668 | D:7      | Reached *** piety under Okawaru
  5676 | D:7      | HP: 3/81 [orc priest/divine providence (11)]
  5679 | D:7      | Killed from afar by an orc priest

Skill      XL: |  1  2  3  4  5  6  7  8  9 |
---------------+----------------------------+-----
Fighting       | 4 5 6 7 8 |  8.1
Axes           | 3 4 5 6 7 |  7.0
Shields        | 4 5 6 7 8 |  8.0
Armour         | 4 5 6 |  6.3
Dodging        | 1 2 3 4 |  4.4
Invocations    | 1 2 3 |  3.5

Action                   |  1- 3 |  4- 6 |  7- 9 || total
-------------------------+-------+-------+-------++-------
Melee: War axe           |    95 |   100 |   276 ||   471
       Headbutt          |    16 |    14 |    46 ||    76
Invok: Heroism           |       |       |     2 ||     2
  Use: Scroll            |       |       |    15 ||    15
  Eat: Chunk             |     1 |     5 |    10 ||    16
Armor: Scale mail        |    42 |    50 |   111 ||   203
Dodge: Dodged            |    45 |    50 |    80 ||   175
Block: Shield            |    54 |    56 |   151 ||   261
